 Dungeon Crawl Stone Soup version 0.26.1-11-gd32895ea62 (webtiles) character file.

Game seed: 18286469043711705616

41 neco the Firebug (level 3, -3/21 HPs)
             Began as an Octopode Fire Elementalist on May 11, 2021.
             Slain by an orc
             ... wielding a +0 trident
              (7 damage)
             ... on level 3 of the Dungeon.
             The game lasted 00:24:08 (1605 turns).

neco the Firebug (Octopode Fire Elementalist)       Turns: 1605, Time: 00:24:09

Health: -3/21      AC:  1    Str:  8    XL:     3   Next: 52%
Magic:  0/6        EV: 14    Int: 17    God:
Gold:   91         SH:  0    Dex: 12    Spells: 5/6 levels left

rFire    + . .     SeeInvis .   m - +1 dagger (drain)
rCold    . . .     Faith    .   (no shield)
rNeg     . . .     Spirit   +   (helmet restricted)
rPois    .         Reflect  .   t - amulet of guardian spirit
rElec    .         Harm     .   z - ring of flight
rCorr    .         Rampage  .   D - ring of protection from fire
Will     .....                  (no ring)
Stlth    +++.......             (no ring)
HPRegen  0.07/turn              (no ring)
MPRegen  0.10/turn              (no ring)
                                (no ring)
                                (no ring)

@: mighty, brilliant, very slightly contaminated
A: almost no armour, stealthy swim, amphibious, 8 rings, constrict 8, camouflage
1, gelatinous body 1
a: Evoke Flight


You were on level 3 of the Dungeon.
You visited 1 branch of the dungeon, and saw 3 of its levels.

You collected 91 gold pieces.

Inventory:

Hand Weapons
 d - a +0 club
 h - a +0 club
 l - a +0 club
 m - a +1 dagger of draining (weapon)
 n - a +0 club
 r - a cursed -3 hand axe
 s - a +0 hand axe
 u - a +0 short sword
 v - a +0 hunting sling
 C - a +0 short sword
Missiles
 e - 37 stones
 j - 6 poisoned darts (quivered)
Jewellery
 t - an amulet of guardian spirit (around mantle)
 z - a ring of flight (left tentacle)
 B - an uncursed ring of flight
 D - a ring of protection from fire (right tentacle)
Scrolls
 b - a scroll of noise {unknown}
 c - a scroll of blinking {unknown}
 f - 5 scrolls of identify {unknown}
 i - 2 scrolls of enchant weapon {unknown}
 p - 2 scrolls of enchant armour {unknown}
 q - a scroll of magic mapping {unknown}
 x - a scroll of amnesia {unknown}
 y - 2 scrolls of teleportation {unknown}


   Skills:
 + Level 0.2 Short Blades
 + Level 0.2 Throwing
 + Level 2.6 Dodging
 + Level 3.0 Stealth
 + Level 0.1 Unarmed Combat
 + Level 2.3 Spellcasting
 + Level 1.0 Conjurations
 + Level 3.5 Fire Magic


You had 5 spell levels left.
You knew the following spells:

 Your Spells              Type           Power        Failure   Level
a - Foxfire               Conj/Fire      56%          8%          1

Your spell library contained the following spells:

 Spells                   Type           Power        Failure   Level
 Conjure Flame            Conj/Fire      14%          22%         3
 Inner Flame              Hex/Fire       12%          26%         3
 Sticky Flame             Conj/Fire      14%          58%         4
 Fireball                 Conj/Fire      7%           90%         5


Dungeon Overview and Level Annotations

Branches:
Dungeon (3/15)

Altars:


Innate Abilities, Weirdness & Mutations

You cannot wear most types of armour.
You are very stealthy in the water. (Stealth+)
You are amphibious.
You can wear up to eight rings at the same time.
You can use your tentacles to constrict eight enemies at once.
Your skin changes colour to match your surroundings (Stealth+).
Your rubbery body absorbs attacks. (AC +1, EV +1)


Message History

You feel less attractive to monsters.
It was a potion of might.
You feel very mighty all of a sudden. The orc closely misses you.
It was a potion of brilliance.
You feel clever all of a sudden. The orc closely misses you.
It was a potion of invisibility.
You fade into invisibility!
The orc closely misses you.
You are very lightly contaminated with residual magic.
You flicker for a moment.
A dart slug comes into view.
You flicker back into view.
The orc hits you from afar with a +0 trident.
* * * LOW HITPOINT WARNING * * *
Things that are here:
a +0 whip; an orc corpse The orc hits you from afar with a +0 trident!
You die...

#.# # #.#.#
#.#.#####
#######.#.....o
..........#####
######......g..
#..#......
##..####### ##
#(@w<...... ..
#####.)†#####..
#. #...o...# #.
#.###..##
#######. #.#
#..### #.......
#.###)...#
#######.
#.....#### #...
#.###.## #.##
#.# #..# #.#


You could see a dart slug and an orc.

Vanquished Creatures
  A leopard gecko (D:1)
  An orc (D:3)
  3 giant cockroaches
  5 goblins
  10 hobgoblins
  A quokka (D:2)
  4 bats
  2 frilled lizards (D:1)
  4 kobolds
  4 rats (D:2)
35 creatures vanquished.

Vanquished Creatures (others)
  19 foxfires
19 creatures vanquished.

Grand Total: 54 creatures vanquished

Notes
Turn   | Place    | Note
-------+----------+-------------------------------------------
     0 | D:1      | neco the Octopode Fire Elementalist began the quest for the
                  | Orb.
     0 | D:1      | Reached XP level 1. HP: 11/11 MP: 3/3
   116 | D:1      | Reached XP level 2. HP: 16/17 MP: 1/5
   817 | D:2      | Reached XP level 3. HP: 18/21 MP: 4/6
  1605 | D:3      | Slain by an orc

Illustrated notes

Levels and vault maps discovered:
D:1:      dpeg_arrival_round_b, layout_rooms, chequers_serial_rivers_room_a,
          st_stairs_5
D:2:      layout_basic, minmay_misc_feat_chi, minmay_misc_feat_square
D:3:      layout_loops_ring, vehumet_crystals, chequers_ecumenical_altar_island,
          kennysheep_orc_chapel

Skill      XL: |  1  2  3 |
---------------+----------+-----
Stealth        | 3 |  3.0
Short Blades   | |  0.2
Throwing       | |  0.2
Dodging        | |  2.6
Unarmed Combat | |  0.1
Spellcasting   | |  2.3
Conjurations   | |  1.0
Fire Magic     | |  3.5

Action                   || total
-------------------------++-------
Melee: Unarmed           ||    28
       Constrict         ||    21
       Tentacles         ||     4
       Dagger            ||    43
Throw: Dart              ||     9
 Cast: Foxfire           ||    11
  Use: Potion            ||     6
 Stab: Sleeping          ||     6
Armor: Skin              ||     6
Dodge: Dodged            ||    68
